 Dungeon Crawl Stone Soup version 0.23.2-11-gf996548c65 (webtiles) character file.

Game seed: 15338290547282605640

448 Revguard the Chopper (level 6, 0/56 HPs)
             Began as a Minotaur Fighter on June 6, 2019.
             Succumbed to a scorpion's poison
             ... on level 4 of the Dungeon.
             The game lasted 00:08:15 (3089 turns).

Revguard the Chopper (Minotaur Fighter)             Turns: 3089, Time: 00:08:15

Health: 0/56       AC: 10    Str: 23    XL:     6   Next: 73%
Magic:  5/5        EV:  9    Int: 10    God:
Gold:   102        SH: 10    Dex: 11    Spells: 5/5 levels left

rFire    . . .     SeeInvis .   a - +0 war axe
rCold    + . .     Gourm    .   c - +0 shield
rNeg     . . .     Faith    .   r - +2 ring mail {rC+}
rPois    .         Spirit   .   (helmet restricted)
rElec    .         Reflect  .   k - +0 cloak
rCorr    +         Harm     .   b - +0 pair of gloves
MR       .....                  (no boots)
Stlth    +.........             (no amulet)
HPRegen  0.18/turn              j - ring of resist corrosion
MPRegen  0.09/turn              (no ring)

@: brilliant, lethally poisoned (0 -> -1), hasted, very quick
A: retaliatory headbutt, horns 2, strong 1, sturdy frame 1
a: no special abilities


You were on level 4 of the Dungeon.
You were not hungry.

You visited 1 branch of the dungeon, and saw 4 of its levels.

You collected 102 gold pieces.

Inventory:

Hand Weapons
 a - a +0 war axe (weapon)
Armour
 b - a +0 pair of gloves (worn)
 c - a +0 shield (worn)
 k - a +0 cloak (worn)
 r - a +2 ring mail of cold resistance (worn)
Jewellery
 j - a ring of resist corrosion (left hand)
Scrolls
 g - 2 scrolls of remove curse
 h - 3 scrolls of identify
 i - a scroll of enchant armour
 l - 2 scrolls of immolation
Potions
 n - a potion of haste
Comestibles
 f - 4 rations


   Skills:
 + Level 5.0 Fighting
 + Level 5.9 Axes
 + Level 4.7 Armour
 + Level 1.5 Dodging
 + Level 5.3 Shields


You had 5 spell levels left.
You didn't know any spells.
Your spell library was empty.

Dungeon Overview and Level Annotations

Branches:
Dungeon (4/15)
 Temple: D:4-7

Altars:
Sif Muna


Innate Abilities, Weirdness & Mutations

You reflexively headbutt those who attack you in melee.
You have a pair of horns on your head.
Your muscles are strong. (Str +2)
Your movements are slightly less encumbered by armour. (ER -2)


Message History

You feel strangely unstable.
It was a scroll of teleportation.
As you read the scroll labeled TIBLUA QIRGHOMUAQIU, it crumbles to dust.
You feel aware of your surroundings.
It was a scroll of magic mapping.
* * * LOW HITPOINT WARNING * * *
You feel sick.
* * * LOW HITPOINT WARNING * * *
You feel sick.
Your surroundings suddenly seem different.
* * * LOW HITPOINT WARNING * * *
You feel sick.
* * * LOW HITPOINT WARNING * * *
You feel sick.
* * * LOW HITPOINT WARNING * * *
You feel sick.
* * * LOW HITPOINT WARNING * * *
You feel sick.
* * * LOW HITPOINT WARNING * * *
You feel sick.
You feel a little less mighty now.
You die...

**,,,* **,,,*****,,,,
##....# *.#** *,,,,
**#.....#*##.# *,,,,
*,*......#...# **,,**
**,,.........##* *,,,**
*,*,...#......*###...,*
*****........#,......,,
*#...#...#*#...#**#
###*##@.....#*##..#* *.
#..##...#...# #..#* *.
*#.....###..###..# *.
###..## *#..#...## ##.
#..## ##.......###..
#...###.####.......#
##....#..# ##......#
**#.......##**#.......#
*,#......##*#.........#


There were no monsters in sight!

Vanquished Creatures
  A yak (D:4)
  An ogre (D:4)
  A scorpion (D:4)
  3 gnolls (D:3)
  2 adders
  2 oozes
  4 worms
  7 dart slugs
  3 leopard geckos
  3 orcs (D:3)
  12 bats
  3 giant cockroaches
  8 goblins
  9 hobgoblins
  9 jackals
  11 kobolds
  A quokka (D:2)
  A ball python (D:3)
  A frilled lizard (D:2)
  7 rats
89 creatures vanquished.

Notes
Turn   | Place    | Note
-------+----------+-------------------------------------------
     0 | D:1      | Revguard the Minotaur Fighter began the quest for the Orb.
     0 | D:1      | Reached XP level 1. HP: 19/19 MP: 0/0
    50 | D:1      | Reached XP level 2. HP: 19/27 MP: 1/1
   340 | D:1      | Reached XP level 3. HP: 29/33 MP: 2/2
  1301 | D:2      | Gained mutation: Your movements are slightly less
                  | encumbered by armour. (ER -2) [potion of mutation]
  1301 | D:2      | Gained mutation: Your muscles are strong. (Str +2) [potion
                  | of mutation]
  1416 | D:2      | Reached XP level 4. HP: 40/40 MP: 3/3
  1607 | D:2      | Found a deep blue altar of Sif Muna.
  2172 | D:3      | Reached XP level 5. HP: 37/47 MP: 4/4
  2652 | D:4      | Noticed an ogre
  2658 | D:4      | Killed an ogre
  2658 | D:4      | Reached skill level 5 in Axes
  2658 | D:4      | Reached skill level 5 in Shields
  2948 | D:4      | Reached skill level 1 in Dodging
  3021 | D:4      | Noticed a yak
  3045 | D:4      | Reached XP level 6. HP: 34/53 MP: 5/5
  3055 | D:4      | Killed a yak
  3055 | D:4      | Reached skill level 5 in Fighting
  3065 | D:4      | HP: 2/56 [poisoned by a scorpion]
  3073 | D:4      | HP: 1/56 [poisoned by a scorpion]
  3078 | D:4      | HP: 1/56 [poisoned by a scorpion]
  3083 | D:4      | HP: 1/56 [poisoned by a scorpion]
  3089 | D:4      | Succumbed to a scorpion's poison

Skill      XL: |  1  2  3  4  5  6 |
---------------+-------------------+-----
Shields        | 4 5 |  5.3
Fighting       | 4 5 |  5.0
Armour         | 4 |  4.7
Axes           | 3 4 5 |  5.9
Dodging        | 1 |  1.5

Action                   |  1- 3 |  4- 6 || total
-------------------------+-------+-------++-------
Melee: War axe           |   104 |   122 ||   226
       Headbutt          |    11 |    19 ||    30
  Use: Potion            |     4 |     5 ||     9
       Scroll            |       |     5 ||     5
  Eat: Chunk             |     2 |     5 ||     7
Armor: Scale mail        |    45 |       ||    45
       Chain mail        |    33 |    59 ||    92
       Ring mail         |       |     6 ||     6
Dodge: Dodged            |    46 |    28 ||    74
Block: Shield            |    71 |    67 ||   138
